 Dungeon Crawl Stone Soup version 0.28-a0-991-g956f0ee3d5 (webtiles) character file.

Game seed: 12441922948076352634

1127 Peloso the Carver (level 8, -1/70 HPs)
             Began as a Minotaur Fighter on Dec 5, 2021.
             Killed from afar by an orc wizard (5 damage)
             ... with a magic dart
             ... on level 5 of the Dungeon.
             The game lasted 00:07:42 (4788 turns).

Peloso the Carver (Minotaur Fighter)                Turns: 4788, Time: 00:07:43

Health: -1/70      AC: 13    Str: 20    XL:     8   Next: 13%
Magic:  7/7        EV: 10    Int:  5    God:
Gold:   227        SH:  5    Dex: 13    Spells: 7/7 levels left

rFire   . . .      SeeInvis .   a - +2 long sword (holy)
rCold   . . .      Faith    .   c - +0 buckler
rNeg    . . .      Spirit   .   w - +3 scale mail {Will+}
rPois   .          Reflect  .   (helmet restricted)
rElec   .          Harm     .   h - +0 cloak
rCorr   .          Rampage  .   i - +0 pair of gloves
Will    ++...                   (no boots)
Stlth   ..........              (no amulet)
HPRegen 0.21/turn               k - ring of willpower
MPRegen 0.10/turn               (no ring)

@: no status effects
A: horns 2, retaliatory headbutt
a: no special abilities


You were on level 5 of the Dungeon.
You visited 1 branch of the dungeon, and saw 6 of its levels.

You collected 227 gold pieces.

Inventory:

Hand Weapons
 a - a +2 long sword of holy wrath (weapon)
Armour
 b - a +0 scale mail
 c - a +0 buckler (worn)
 h - a +0 cloak (worn)
 i - a +0 pair of gloves (worn)
 w - a +3 scale mail of willpower (worn)
Jewellery
 k - a ring of willpower (left hand)
Wands
 u - a wand of iceblast (5)
Scrolls
 f - a scroll of identify
 g - a scroll of teleportation
 j - 2 scrolls of holy word
 n - a scroll of summoning
 o - 2 scrolls of immolation
 p - a scroll of noise
 r - a scroll of amnesia
 v - a scroll of torment {unknown}
 x - a scroll of blinking {unknown}
 y - a scroll of brand weapon {unknown}
Potions
 d - 3 potions of might
 e - a potion of curing
 l - a potion of lignification {unknown}
 m - 3 potions of heal wounds {unknown}
 q - a potion of flight {unknown}
 s - a potion of berserk rage {unknown}
 t - a potion of mutation {unknown}


   Skills:
 + Level 5.8 Fighting
 + Level 8.1 Long Blades
 + Level 6.7 Armour
 + Level 1.9 Dodging
 + Level 0.1 Stealth
 + Level 4.9 Shields


You had 7 spell levels left.
You didn't know any spells.
Your spell library contained the following spells:

 Spells                   Type           Power      Damage    Failure   Level
 Foxfire                  Conj/Fire      0%         2x1d4     80%         1
 Ensorcelled Hibernation  Hex/Ice        0%         N/A       91%         2
 Passwall                 Tmut/Erth      0%         N/A       91%         2
 Conjure Flame            Conj/Fire      0%         6-21      99%         3
 Inner Flame              Hex/Fire       0%         N/A       99%         3
 Spider Form              Tmut/Pois      0%         N/A       99%         3
 Swiftness                Air            0%         N/A       99%         3
 Flame Wave               Conj/Fire      0%         2d4       100%        4


Dungeon Overview and Level Annotations

Branches:
Dungeon (6/15)
 Temple: D:4-7

Altars:
Hepliaklqana
Uskayaw

Shops:
D:5 (


Innate Abilities, Weirdness & Mutations

You have a pair of horns on your head.
You reflexively headbutt those who attack you in melee.


Message History

The orc wizard hits you with a +0 dagger.
The jelly hits you but does no damage.
You slash the orc priest!
The orc priest is almost dead.
The orc priest hits you with a +0 hand axe.
The orc wizard barely misses you. The orc hits you with a +0 hand axe.
The orc warrior hits you from afar with a +0 halberd!
The jelly hits you but does no damage.
The orc wizard hits you with a +0 dagger.
You hit the orc priest.
You kill the orc priest!
The orc wizard hits you but does no damage.
The orc hits you but does no damage.
The orc warrior hits you from afar with a +0 halberd.
The jelly completely misses you. You furiously retaliate!
You headbutt the jelly! The orc wizard barely misses you.
You furiously retaliate!
You headbutt the orc wizard.
There are monsters nearby!
The orc warrior hits you from afar with a +0 halberd!
* * * LOW HITPOINT WARNING * * *
The orc wizard hits you but does no damage.
The orc wizard hits you but does no damage.
The orc warrior hits you from afar with a +0 halberd!
* * * LOW HITPOINT WARNING * * *
There is a stone staircase leading up here.
The orc wizard casts a spell.
The orc wizard flickers and vanishes!
Deactivating autopickup; reactivate with Ctrl-A.
You climb upwards.
Reactivating autopickup.
There is a stone staircase leading down here.
Something hits you but does no damage.
Deactivating autopickup; reactivate with Ctrl-A.
You hear some strange, mumbled words.
A magic dart appears from out of thin air!
The magic dart hits you.
* * * LOW HITPOINT WARNING * * *
A magic dart appears from out of thin air!
The magic dart hits you.
You die...

##..............#.##..##.........
#..............#####..#..##.....
###............####..##.....##..
#..>................##.........
#...##..............##........#
#...##........>#.#..........#.#
###...........[{.###..<.......#..
..#...#...........##.......##....
.....##.........@..#......###....
.....###..................##.....
.....##..###.##..............#...
........####.#..............##...
....#.....##.....................
....##.....................##....
.##....#.............#..#..##....
##..#....................#.......
....##........)......#...<.......


There were no monsters in sight!

Vanquished Creatures
  Edmund (D:4)
  An ice beast (D:5)
  2 ogres
  2 phantoms (D:4)
  A scorpion (D:4)
  2 howler monkeys (D:5)
  A hound (D:5)
  2 orc priests
  A bullfrog skeleton (D:4)
  A gnoll shaman (D:4)
  Ijyb (D:4)
  2 iguanas
  An orc wizard (D:4)
  A howler monkey zombie (D:4)
  4 gnolls (D:4)
  4 adders
  An adder skeleton (D:4)
  2 dart slugs
  17 orcs
  6 ball pythons
  6 endoplasms
  3 giant cockroaches
  3 hobgoblins
  11 jackals (D:3)
  10 kobolds
  4 quokkas
  5 bats
  2 frilled lizards
  16 goblins
  9 rats
  A spectral kobold (D:3)
123 creatures vanquished.

Notes
Turn   | Place    | Note
-------+----------+-------------------------------------------
     0 | D:1      | Peloso the Minotaur Fighter began the quest for the Orb.
     0 | D:1      | Reached XP level 1. HP: 19/19 MP: 0/0
   244 | D:1      | Reached XP level 2. HP: 27/27 MP: 1/1
   879 | D:1      | Reached XP level 3. HP: 29/33 MP: 2/2
  1672 | D:2      | Reached skill level 3 in Long Blades
  2137 | D:3      | Reached XP level 4. HP: 41/41 MP: 3/3
  2139 | D:3      | Found a faded altar of an unknown god.
  2622 | D:3      | Reached skill level 1 in Dodging
  3048 | D:4      | Found a hide-covered altar of Uskayaw.
  3056 | D:4      | Reached XP level 5. HP: 44/47 MP: 4/4
  3161 | D:4      | Reached skill level 4 in Long Blades
  3346 | D:4      | Noticed Ijyb
  3361 | D:4      | Killed Ijyb
  3362 | D:4      | Reached skill level 5 in Armour
  3362 | D:4      | Reached XP level 6. HP: 40/55 MP: 5/5
  3572 | D:4      | Reached skill level 5 in Fighting
  3572 | D:4      | Reached skill level 5 in Long Blades
  3755 | D:4      | Reached skill level 6 in Long Blades
  3769 | D:4      | Reached XP level 7. HP: 53/61 MP: 6/6
  3829 | D:4      | Noticed Edmund
  3846 | D:4      | Killed Edmund
  3847 | D:4      | Reached skill level 7 in Long Blades
  4152 | D:4      | Found a hazy altar of Hepliaklqana.
  4386 | D:5      | Entered Level 5 of the Dungeon
  4419 | D:5      | Found Foiprom's Antique Weapon Boutique.
  4585 | D:5      | Reached XP level 8. HP: 70/70 MP: 7/7
  4659 | D:5      | Reached skill level 8 in Long Blades
  4788 | D:5      | Killed from afar by an orc wizard

Illustrated notes

Levels and vault maps discovered:
D:1:      minmay_arrival_nine_rooms, layout_basic, serial_forest,
          infiniplex_forest_fountain, infiniplex_forest_clump_tiny,
          infiniplex_forest_zigzag_1, infiniplex_forest_corner_1,
          infiniplex_forest_corner_2, infiniplex_forest_end_double,
          infiniplex_forest_clump_curved, infiniplex_forest_lined_corner
D:2:      layout_basic
D:3:      layout_basic, dreamdust_ecumenical_altar_drowned_temple,
          corexii_shack, lightli_corner_chamber
D:4:      layout_loops_ring, eat_drink_and_be_merry_uskayaw,
          lemuel_coloured_pillars_altar, kennysheep_generic_room_2, uniq_ijyb,
          uniq_edmund
D:5:      layout_cave_pools, serial_shops, nicolae_shop_crystal
D:6:      layout_rooms, vehumet_crystals, uniq_maggie

Skill      XL: |  1  2  3  4  5  6  7  8 |
---------------+-------------------------+-----
Fighting       | 4 5 |  5.8
Shields        | 4 |  4.9
Armour         | 4 5 6 |  6.7
Long Blades    | 3 4 6 7 8 |  8.1
Dodging        | 1 |  1.9
Stealth        | |  0.1

Action                   |  1- 3 |  4- 6 |  7- 9 || total
-------------------------+-------+-------+-------++-------
Melee: Long sword        |    91 |   150 |    52 ||   293
       Headbutt          |    18 |    23 |    10 ||    51
  Use: Scroll            |     2 |       |     5 ||     7
       Potion            |       |       |     2 ||     2
Armor: Scale mail        |    34 |    51 |    32 ||   117
       Chain mail        |       |    37 |       ||    37
Dodge: Dodged            |    32 |    74 |    27 ||   133
Block: Buckler           |    13 |    47 |    11 ||    71

Table legend: (Time is in decaauts)
 A = Elapsed time spent in this place.
 B = Non-inter-level travel time spent in this place.
 C = Inter-level travel time spent in this place.
 D = Time resting spent in this place.
 E = Time spent auto-exploring this place.
 F = Levels seen in this place.
 G = Mean time per level.
                   A        B        C        D        E       F      G
               +--------+--------+--------+--------+--------+-----+--------+
         Total |   4847 |   4752 |     95 |      0 |   3693 |   6 |  807.8 |
       Dungeon |   4847 |   4752 |     95 |      0 |   3693 |   6 |  807.8 |
               +--------+--------+--------+--------+--------+-----+--------+

Top non-repeatable levels by time:
     D:4: 1403 daAuts
     D:1: 1345 daAuts
     D:3: 943 daAuts
     D:2: 752 daAuts
     D:5: 379 daAuts
     D:6: 22 daAuts
